 Dungeon Crawl Stone Soup version 0.29-a0-553-g81b289dbe5 (webtiles) character file.

Game seed: 2954110147987551016

116 siradein the Grave Robber (level 4, -1/30 HPs)
             Began as a Demonspawn Necromancer on June 7, 2022.
             Killed from afar by Sigmund (9 damage)
             ... with a magic dart
             ... on level 2 of the Dungeon.
             The game lasted 00:08:38 (2673 turns).

siradein the Grave Robber (Demonspawn Necromancer)  Turns: 2673, Time: 00:08:38

Health: -1/30      AC:  4    Str:  8    XL:     4   Next: 70%
Magic:  1/7        EV: 12    Int: 18    God:
Gold:   82         SH:  0    Dex: 14    Spells: 3/7 levels left

rFire   . . .      SeeInvis +   o - +1 hand axe (flame)
rCold   . . .      Faith    .   (no shield)
rNeg    . . .      Spirit   .   a - +0 robe
rPois   +          Reflect  .   (no helmet)
rElec   .          Harm     .   (no cloak)
rCorr   .          Rampage  .   c - +0 pair of gloves
Will    .....                   (no boots)
Stlth   +.........              (no amulet)
HPRegen 0.10/turn               k - ring of see invisible
MPRegen 0.10/turn               j - ring of poison resistance

@: confused
A: rugged brown scales 1, powered by death 1
a: no special abilities


You were on level 2 of the Dungeon.
You visited 1 branch of the dungeon, and saw 2 of its levels.

You collected 82 gold pieces.

Inventory:

Hand Weapons
 o - a +1 hand axe of flaming (weapon)
Armour
 a - a +0 robe (worn)
 c - a +0 pair of gloves (worn)
Jewellery
 f - a ring of flight
 j - a ring of poison resistance (right hand)
 k - a ring of see invisible (left hand)
Scrolls
 d - 2 scrolls of poison {unknown}
 e - 2 scrolls of magic mapping {unknown}
 g - 2 scrolls of amnesia {unknown}
 i - 2 scrolls of brand weapon {unknown}
 n - a scroll of teleportation {unknown}
Potions
 b - 2 potions of magic
 h - a potion of ambrosia {unknown}
 m - a potion of degeneration {unknown}


   Skills:
 - Level 1.7 Dodging
 - Level 1.7 Stealth
 - Level 2.0 Spellcasting
 + Level 6.7 Necromancy


You had 3 spell levels left.
You knew the following spells:

 Your Spells              Type           Power      Damage    Failure   Level
a - Necrotize             Necr           100%       1d9       1%          1
b - Vampiric Draining     Necr           26%        2d7       3%          3

Your spell library contained the following spells:

 Spells                   Type           Power      Damage    Failure   Level
 Animate Dead             Necr           26%        N/A       11%         4
 Agony                    Necr           26%        N/A       30%         5


Dungeon Overview and Level Annotations

Branches:
Dungeon (2/15)

Altars:

Shops:
D:1 *   D:2 :

Annotations:
D:2 Sigmund


Innate Abilities, Weirdness & Mutations

You are partially covered in rugged brown scales. (AC +1, +3% HP)
You regenerate a little health from kills.


Message History

You kill the adder!
You see here 6 javelins.
You open the door.
A kobold comes into view. It is wielding a +0 dagger.
There is an open door here.
The kobold shouts!
The kobold writhes in agony!
You kill the kobold!
The dead are walking!
Sigmund the Dreaded comes into view.
He is wielding a +0 scythe.
You start waiting.
Sigmund is nearby!
Sigmund writhes in agony.
Sigmund writhes in agony!
Sigmund writhes in agony.
Sigmund writhes in agony!
Sigmund hits you but does no damage.
Sigmund writhes in agony.
Sigmund hits you from afar with a +0 scythe.
Sigmund writhes in agony.
Sigmund barely resists.
Sigmund closely misses you.
You are too depleted to draw on your mana recklessly!
Sigmund hits you with a +0 scythe!
You completely miss Sigmund.
Sigmund is almost dead.
Sigmund casts a spell at you.
You are confused.
You are too confused!
You are too confused!
You bump into the rock wall.
Sigmund hits you with a +0 scythe!
* * * LOW HITPOINT WARNING * * *
You miss Sigmund.
Sigmund is almost dead.
You bump into the rock wall.
Sigmund is suddenly surrounded by pale blue light.
Sigmund gestures at you while chanting. You resist with some effort.
You bump into the rock wall.
Sigmund points at you and mumbles some strange words.
The magic dart hits you!
You die...

#.[....#
#.......#
##
#......#
#.@..Z..#
.#
#......#
#.Z...).#
†#
#......#
#.......#
.#
#.(....#
#'# .#
#.####.#
#.# .# #.#
#.# #.# .#
#####.#
#.######.#
.# #<....#
#..@@....#
.# #.###.#
##########
.# #.# ###
.# #.#
.####.#
....).#
#######


You could see Sigmund.

Vanquished Creatures
  Terence (D:2)
  2 gnolls (D:2)
  3 adders (D:2)
  A worm (D:2)
  A dart slug (D:2)
  A bat (D:2)
  3 endoplasms
  A giant cockroach (D:1)
  A goblin (D:2)
  4 hobgoblins
  2 jackals (D:2)
  4 kobolds
  2 quokkas
  5 ball pythons
  4 frilled lizards
  4 rats
39 creatures vanquished.

Vanquished Creatures (collateral kills)
  An endoplasm (D:1)
  A ball python (D:2)
2 creatures vanquished.

Grand Total: 41 creatures vanquished

Notes
Turn   | Place    | Note
-------+----------+-------------------------------------------
     0 | D:1      | siradein the Demonspawn Necromancer began the quest for the
                  | Orb.
     0 | D:1      | Reached XP level 1. HP: 13/13 MP: 3/3
   184 | D:1      | Found Basuobla's General Store.
   761 | D:1      | Gained mutation: You regenerate a little health from kills.
                  | [demonic ancestry]
   761 | D:1      | Reached XP level 2. HP: 19/19 MP: 1/5
   819 | D:1      | Reached skill level 5 in Necromancy
  1477 | D:2      | Gained mutation: You are partially covered in rugged brown
                  | scales. (AC +1, +3% HP) [demonic ancestry]
  1477 | D:2      | Reached XP level 3. HP: 15/24 MP: 0/6
  1651 | D:2      | Learned a level 3 spell: Vampiric Draining
  1718 | D:2      | Reached skill level 6 in Necromancy
  1776 | D:2      | Noticed an ogre
  2198 | D:2      | Reached XP level 4. HP: 30/30 MP: 5/7
  2274 | D:2      | Noticed Terence
  2278 | D:2      | Killed Terence
  2434 | D:2      | Found Lobotoho's Book Shop.
  2646 | D:2      | Noticed Sigmund
  2673 | D:2      | Killed from afar by Sigmund

Illustrated notes

Levels and vault maps discovered:
D:1:      dpeg_arrival_chambers_temple_mockup, layout_loops_ring, serial_shops,
          nicolae_shop_trees
D:2:      layout_basic, serial_shops, nicolae_shop_statue_plus,
          grunt_decor_resistance, uniq_sigmund, uniq_terence

Skill      XL: |  1  2  3 |
---------------+----------+-----
Necromancy     | 5 6 |  6.7
Dodging        | |  1.7
Stealth        | |  1.7
Spellcasting   | |  2.0

Action                   |  1- 3 |  4- 6 || total
-------------------------+-------+-------++-------
Melee: Hand axe          |       |     6 ||     6
 Cast: Necrotize         |    61 |    32 ||    93
Armor: Robe              |     1 |     3 ||     4
Dodge: Dodged            |     9 |     7 ||    16

Table legend: (Time is in decaauts)
 A = Elapsed time spent in this place.
 B = Non-inter-level travel time spent in this place.
 C = Inter-level travel time spent in this place.
 D = Time resting spent in this place.
 E = Time spent auto-exploring this place.
 F = Levels seen in this place.
 G = Mean time per level.
                   A        B        C        D        E       F      G
               +--------+--------+--------+--------+--------+-----+--------+
         Total |   2673 |   2517 |    156 |     52 |   2045 |   2 | 1336.5 |
       Dungeon |   2673 |   2517 |    156 |     52 |   2045 |   2 | 1336.5 |
               +--------+--------+--------+--------+--------+-----+--------+

Top non-repeatable levels by time:
     D:1: 1417 daAuts
     D:2: 1256 daAuts
